 Dungeon Crawl Stone Soup version 0.17.1-1-g73c8601 (webtiles) character file.

16467 Caphalor the Impaler (level 12, -14/95 HPs)
             Began as a Merfolk Berserker on Jan 9, 2016.
             Was a High Priest of Trog.
             Demolished by a hill giant
             ... wielding a +0 giant club
              (21 damage)
             ... on level 12 of the Dungeon.
             The game lasted 00:43:46 (14973 turns).

Caphalor the Impaler (Merfolk Berserker)           Turns: 14973, Time: 00:43:46

Health: -14/95     AC: 16    Str: 20    XL:     12   Next: 37%
Magic:  4/4        EV: 12    Int: 11    God:    Trog [*****.]
Gold:   708        SH:  0    Dex: 16    Spells: 0 memorised, 11 levels left

rFire  x . .     SeeInvis .     n - +4 bardiche (antimagic)
rCold  + . .     Clarity  .     L - +3 chain mail {rPois}
rNeg   . . .     SustAt   .     (shield currently unavailable)
rPois  +         Gourm    .     v - +0 helmet
rElec  .         Spirit   .     E - +0 cloak
rCorr  .         Warding  .     (no gloves)
rMut   .         Stasis   .     (no boots)
MR     .....                    H - amulet of faith
Stlth  ..........               (no ring)
                                h - ring of ice

@: brilliant, exhausted, slowed, very slow, not resistant to hostile
enchantments, extremely unstealthy
A: change form in water, swift swim
a: Berserk, Trog's Hand, Brothers in Arms, Burn Spellbooks, Renounce Religion


You were on level 12 of the Dungeon.
You worshipped Trog.
Trog was extremely pleased with you.
You were near starving.

You visited 1 branch of the dungeon, and saw 12 of its levels.

You collected 708 gold pieces.

Inventory:

Hand Weapons
 e - a +2 trident of flaming
 n - a +4 antimagic bardiche (weapon)
 A - a +0 trident
Armour
 v - a +0 helmet (worn)
 D - the +1 robe "Yduiroen" {rN+ Str+4 Slay+2}
   (You found it on level 6 of the Dungeon)

   It affects your strength (+4).
   It affects your accuracy and damage with ranged weapons and melee attacks
   (+2).
   It protects you from negative energy.
 E - a +0 cloak (worn)
 F - a +2 chain mail of cold resistance
 L - a +3 chain mail of poison resistance (worn)
Jewellery
 h - a ring of ice (left hand)
 r - an uncursed amulet of clarity
 H - an amulet of faith (around neck)
Wands
 l - a wand of enslavement (0)
 C - a wand of paralysis (3)
 O - a wand of fire (7)
Scrolls
 g - 2 scrolls of recharging {unknown}
 m - a scroll of fear {unknown}
 o - 4 scrolls of remove curse
 p - 3 scrolls of blinking {unknown}
 u - 2 scrolls of random uselessness
 x - 2 scrolls of enchant weapon {unknown}
 y - 3 scrolls of magic mapping
 B - a scroll of vulnerability {unknown}
 G - a scroll of noise {unknown}
 N - a scroll of amnesia {unknown}
Potions
 a - a potion of magic {unknown}
 b - 2 potions of might {unknown}
 d - a potion of invisibility {unknown}
 f - a potion of cure mutation {unknown}
 j - 4 potions of curing
 q - 2 potions of haste {unknown}
 s - 2 potions of poison {unknown}
 t - 3 potions of mutation
 z - 2 potions of ambrosia {unknown}
 J - 3 potions of lignification {unknown}
 M - a potion of heal wounds {unknown}
Miscellaneous
 w - a disc of storms
Comestibles
 c - 9 bread rations
 i - 8 meat rations
 I - 5 beef jerkies
 K - 3 chunks of flesh


   Skills:
 - Level 9.0 Fighting
 + Level 19.8 Polearms
 - Level 7.3 Armour
 - Level 7.2 Dodging


You had 11 spell levels left.
You didn't know any spells.

Dungeon Overview and Level Annotations

Branches:
Dungeon (12/15)            Temple (0/1) D:5            Lair (0/8) D:9
    Orc (0/4) D:9

Altars:
Elyvilon
Fedhas
Kikubaaqudgha
Nemelex Xobeh
Okawaru
Sif Muna
Zin
The Shining One

Shops:
D:9 [

Annotations:
D:2 exclusion: oklob plant


Message History

The hill giant hits you with a giant club!!
* * * LOW HITPOINT WARNING * * *
Something hits you but does no damage. Something hits you.
* * * LOW HITPOINT WARNING * * *
The shadow strikes at you from the darkness!
Reactivating autopickup.
Drink which item? (? for menu, Esc to quit)
You feel better. Something hits you but does no damage.
Deactivating autopickup; reactivate with Ctrl-A.
Something hits you.
* * * LOW HITPOINT WARNING * * *
Something hits you!
* * * LOW HITPOINT WARNING * * *
The hill giant barely misses you. The shadow barely misses you.
Drink which item? (? for menu, Esc to quit)
It was a potion of brilliance.
You feel clever all of a sudden.
Something hits you but does no damage. x2
The hill giant hits you with a giant club!!
You die...

#..##.....## .# #. ...........##
.#### ####. ....###.#...## ....
.... . #..#...## ..W ...
#..##...## .C .. ##.###...## .#.
# ... #.####...###.# ..# .....
####....#C..(##)##....#
......###...))..@WK...)...#
.............####......†##...(#
.........#...# ##..#...# ...#
#......###..# #.......# ..#
#...........# ##.......# .#
#...........# ...!......# .
#...........#. ............#
##...........................##
#.............................##


You could see a hill giant, a big kobold and a shadow.

Vanquished Creatures
  A hydra (D:11)
  Erica (D:8)
  4 skeletal warriors
  4 hill giants
  An oklob plant (D:11)
  2 ugly things
  Maurice (D:9)
  3 gargoyles
  A fire drake (D:9)
  A troll (D:9)
  Grinder (D:5)
  A two-headed ogre (D:11)
  2 deep elf magi (D:12)
  5 yaks (D:10)
  A wyvern (D:9)
  A hungry ghost (D:11)
  A mottled dragon (D:12)
  4 hippogriffs
  A vampire mosquito (D:12)
  3 water moccasins
  5 orc warriors
  4 sky beasts
  A wasp (D:7)
  An ice beast (D:11)
  2 black bears
  4 centaurs
  A necrophage (D:9)
  The ghost of Caphalor the Poker, an amateur MfBe of Trog (D:3)
  6 ogres
  A phantom (D:4)
  5 big kobolds
  Blork the orc (D:7)
  4 giant frogs
  4 scorpions
  7 killer bees
  5 wights (D:7)
  An electric eel (D:7)
  3 crimson imps
  11 hounds
  9 orc priests
  2 giant frog zombies
  3 jellies
  8 orc wizards
  5 iguanas
  6 worker ants
  A quasit (D:7)
  2 killer bee zombies (D:9)
  2 hound zombies
  3 worker ant zombies
  A hound skeleton (D:4)
  Robin (D:4)
  6 adders
  4 gnolls (D:2)
  A shadow imp (D:5)
  2 adder skeletons (D:5)
  3 worms
  3 giant geckos
  51 orcs
  A ball python (D:8)
  5 giant cockroaches
  10 hobgoblins
  11 jackals
  35 kobolds
  4 quokkas
  A bat (D:2)
  12 giant newts
  16 goblins
  A quokka skeleton (D:5)
  9 rats
324 creatures vanquished.

Vanquished Creatures (collateral kills)
  A hungry ghost (D:7)
  2 kobolds (D:7)
3 creatures vanquished.

Vanquished Creatures (others)
  A kobold (D:7)
  A fungus (D:2)
2 creatures vanquished.

Grand Total: 329 creatures vanquished

Notes
Turn   | Place    | Note
--------------------------------------------------------------
     0 | D:1      | Caphalor the Merfolk Berserker began the quest for the Orb.
     0 | D:1      | Reached XP level 1. HP: 18/18 MP: 1/1
   313 | D:1      | Reached skill level 5 in Polearms
   394 | D:1      | Reached XP level 2. HP: 24/24 MP: 2/2
   937 | D:2      | Reached ** piety under Trog
   956 | D:2      | Reached XP level 3. HP: 29/29 MP: 3/3
   959 | D:2      | Reached skill level 6 in Polearms
  1660 | D:2      | Reached XP level 4. HP: 25/35 MP: 4/4
  1834 | D:2      | Reached skill level 7 in Polearms
  1941 | D:2      | Found a blossoming altar of Fedhas.
  1980 | D:2      | Noticed an oklob plant
  2710 | D:3      | Reached skill level 8 in Polearms
  2840 | D:3      | Reached XP level 5. HP: 39/41 MP: 5/5
  2892 | D:3      | Noticed Caphalor's ghost (amateur MfBe)
  2893 | D:3      | Found a glowing golden altar of the Shining One.
  2905 | D:3      | Killed Caphalor's ghost
  2905 | D:3      | Reached skill level 9 in Polearms
  3319 | D:4      | Noticed an ogre
  3390 | D:4      | Noticed Robin
  3399 | D:4      | Reached XP level 6. HP: 47/47 MP: 6/6
  3400 | D:4      | Reached *** piety under Trog
  3423 | D:4      | Killed an ogre
  3423 | D:4      | Reached skill level 10 in Polearms
  3728 | D:4      | Killed Robin
  3761 | D:4      | Noticed a phantom
  3790 | D:4      | Killed a phantom
  3790 | D:4      | Reached skill level 11 in Polearms
  3790 | D:4      | Reached XP level 7. HP: 36/52 MP: 7/7
  3997 | D:5      | Entered Level 5 of the Dungeon
  4197 | D:5      | Noticed Grinder
  4209 | D:5      | Paralysed by Grinder for 7 turns
  4268 | D:5      | Paralysed by Grinder for 4 turns
  4272 | D:5      | Killed Grinder
  4272 | D:5      | Reached skill level 12 in Polearms
  4501 | D:5      | Found a sparkling altar of Nemelex Xobeh.
  4575 | D:5      | Reached XP level 8. HP: 46/58 MP: 8/8
  4579 | D:5      | Reached skill level 13 in Polearms
  4955 | D:5      | Found a staircase to the Ecumenical Temple.
  5455 | D:6      | Found an ancient bone altar of Kikubaaqudgha.
  5476 | D:6      | Reached skill level 14 in Polearms
  5484 | D:6      | Found an iron altar of Okawaru.
  5491 | D:6      | Noticed a hill giant
  5511 | D:6      | Killed a hill giant
  5511 | D:6      | Reached skill level 15 in Polearms
  5511 | D:6      | Reached XP level 9. HP: 38/64 MP: 9/9
  5804 | D:6      | Reached skill level 16 in Polearms
  6098 | D:6      | Got a tattered robe
  6109 | D:6      | Identified the +1 robe "Yduiroen" {rN+ Str+4 Slay+2} (You found it on level 6 of the Dungeon)
  6149 | D:6      | Found a glowing silver altar of Zin.
  6595 | D:7      | Noticed Blork the orc
  6626 | D:7      | Found a deep blue altar of Sif Muna.
  6652 | D:7      | HP: 1/65 [something/magic dart (5)]
  7018 | D:7      | Killed Blork the orc
  8009 | D:7      | Reached **** piety under Trog
  8209 | D:7      | Reached skill level 17 in Polearms
  8741 | D:7      | Reached XP level 10. HP: 51/71 MP: 10/10
  9444 | D:8      | Noticed Erica
  9452 | D:8      | Killed Erica
  9452 | D:8      | Reached skill level 5 in Fighting
  9452 | D:8      | Reached skill level 5 in Dodging
  9888 | D:9      | Found a staircase to the Lair.
 10214 | D:9      | Reached ***** piety under Trog
 10302 | D:9      | Found a staircase to the Orcish Mines.
 10328 | D:9      | Noticed Maurice
 10494 | D:9      | Killed Maurice
 10511 | D:9      | Noticed a skeletal warrior
 10528 | D:9      | Killed a skeletal warrior
 10616 | D:9      | Noticed a skeletal warrior
 10617 | D:9      | Noticed a skeletal warrior
 10644 | D:9      | Killed a skeletal warrior
 10644 | D:9      | Reached skill level 5 in Armour
 10644 | D:9      | Reached XP level 11. HP: 63/84 MP: 11/11
 10657 | D:9      | Killed a skeletal warrior
 10809 | D:9      | Received a gift from Trog
 11253 | D:9      | Found Elayl's Antique Armour Boutique.
 11455 | D:9      | Found a blossoming altar of Fedhas.
 11828 | D:10     | Entered Level 10 of the Dungeon
 12009 | D:10     | Noticed a hill giant
 12012 | D:10     | Killed a hill giant
 12012 | D:10     | Reached skill level 18 in Polearms
 12806 | D:11     | Found a white marble altar of Elyvilon.
 13724 | D:11     | Noticed a seven-headed hydra
 13743 | D:11     | Killed a seven-headed hydra
 13743 | D:11     | Reached XP level 12. HP: 19/94 MP: 4/12
 14312 | D:12     | Received a gift from Trog
 14312 | D:12     | Reached skill level 19 in Polearms
 14973 | D:12     | Demolished by a hill giant

Action                   |  1- 3 |  4- 6 |  7- 9 | 10-12 || total
-------------------------+-------+-------+-------+-------++-------
Melee: Spear             |   180 |   218 |       |       ||   398
       Trident           |       |       |   411 |   277 ||   688
       Bardiche          |       |       |       |   310 ||   310
Invok: Berserk           |       |     3 |     3 |     7 ||    13
       Trog's Hand       |       |     1 |     2 |       ||     3
       Burn Spellbooks   |       |       |     1 |     1 ||     2
       Brothers in Arms  |       |       |       |     1 ||     1
Evoke: Disc of storms    |       |       |       |     1 ||     1
  Use: Scroll            |       |     2 |     3 |    11 ||    16
       Potion            |       |       |     3 |     4 ||     7
 Stab: Sleeping          |       |       |     1 |       ||     1
       Distracted        |       |       |       |     2 ||     2
  Eat: Chunk             |     2 |     9 |     8 |    20 ||    39
       Beef jerky        |       |     1 |     1 |     1 ||     3
       Royal jelly       |       |       |     1 |       ||     1
       Fruit             |       |       |     2 |       ||     2
       Pizza             |       |       |     1 |     1 ||     2
       Meat ration       |       |       |     1 |     1 ||     2
       Bread ration      |       |       |       |     1 ||     1
